 Dungeon Crawl Stone Soup version 0.27.1-34-g3ba077fa99 (webtiles) character file.

Game seed: 362262512182068395

1599 cbfl8 the Sneak (level 8, -1/70 HPs)
             Began as a Minotaur Delver on Jan 14, 2022.
             Was a Believer of Yredelemnul.
             Killed from afar by an electric eel (12 damage)
             ... with a bolt of electricity
             ... on level 6 of the Dungeon.
             The game lasted 00:18:07 (6581 turns).

cbfl8 the Sneak (Minotaur Delver)                   Turns: 6581, Time: 00:18:09

Health: -1/70      AC:  9    Str: 17    XL:     8   Next: 62%
Magic:  7/7        EV: 14    Int: 15    God:    Yredelemnul [**....]
Gold:   195        SH:  0    Dex: 18    Spells: 7/7 levels left

rFire    . . .     SeeInvis .   q - +3 dagger (drain)
rCold    . . .     Faith    .   (no shield)
rNeg     . . .     Spirit   .   n - +3 leather armour
rPois    .         Reflect  .   (helmet restricted)
rElec    .         Harm     .   y - +0 cloak
rCorr    .         Rampage  .   A - +0 pair of gloves
Will     .....                  (no boots)
Stlth    ++........             B - amulet of regeneration
HPRegen  1.21/turn              w - +6 ring of dexterity
MPRegen  0.10/turn              t - +6 ring of intelligence

@: brilliant, very slow
A: horns 2, retaliatory headbutt
a: Renounce Religion, Animate Remains, Recall Undead Slaves, Injury Mirror


You were on level 6 of the Dungeon.
You worshipped Yredelemnul.
Yredelemnul was pleased with you.
You visited 2 branches of the dungeon, and saw 7 of its levels.

You collected 195 gold pieces.

Inventory:

Hand Weapons
 a - a +0 hand axe
 j - a +0 dagger
 q - a +3 dagger of draining (weapon)
Missiles
 i - 118 stones (quivered)
 E - a throwing net
Armour
 b - a +0 leather armour
 n - a +3 leather armour (worn)
 y - a +0 cloak (worn)
 A - a +0 pair of gloves (worn)
Jewellery
 p - a ring of fire
 t - a +6 ring of intelligence (right hand)
 u - a ring of poison resistance
 w - a +6 ring of dexterity (left hand)
 B - an amulet of regeneration (around neck)
Wands
 g - a wand of digging (3)
 G - a wand of polymorph (5)
Scrolls
 c - 3 scrolls of fog
 e - 2 scrolls of fear
 h - a scroll of torment {unknown}
 k - a scroll of holy word
 o - 2 scrolls of amnesia
 r - 3 scrolls of identify
 D - a scroll of teleportation
Potions
 f - a potion of haste
 l - a potion of curing {unknown}
 m - a potion of mutation {unknown}
 v - a potion of invisibility {unknown}
 x - a potion of lignification {unknown}
 z - 2 potions of might {unknown}
 F - a potion of degeneration {unknown}


   Skills:
 + Level 5.8 Fighting
 + Level 4.9 Short Blades
 + Level 4.0 Axes
 + Level 4.6 Armour
 + Level 5.0 Dodging
 + Level 7.1 Stealth
 + Level 0.9 Invocations


You had 7 spell levels left.
You didn't know any spells.
Your spell library contained the following spells:

 Spells                   Type           Power      Damage    Failure   Level
 Fireball                 Conj/Fire      0%         3d3       100%        5
 Starburst                Conj/Fire      0%         6d3       100%        6
 Ignition                 Fire           0%         3d3       100%        8


Dungeon Overview and Level Annotations

Branches:
Dungeon (6/15)             Temple (1/1) D:4

Altars:
Ashenzari
Cheibriados
Dithmenos
Elyvilon
Fedhas
Gozag
Kikubaaqudgha
Makhleb
Nemelex Xobeh
Okawaru
Qazlal
Ru
Sif Muna
Trog
Uskayaw
Vehumet
Wu Jian
Xom
Yredelemnul
Zin
The Shining One


Innate Abilities, Weirdness & Mutations

You have a pair of horns on your head.
You reflexively headbutt those who attack you in melee.


Message History

Your centaur zombie kicks the smoke demon.
The smoke demon hits your centaur zombie!
The smoke demon hits your centaur zombie.
Your centaur zombie is destroyed!
Your surroundings suddenly seem different.
Splash!
You fall into the shallow water.
Moving in this stuff is going to be slow.
An adder, an electric eel and a zombie come into view.
Found 8 gold pieces and a fizzy white potion.
The adder hisses angrily.
The electric eel shoots out a bolt of lightning at you!
The bolt of electricity hits you!
* * * LOW HITPOINT WARNING * * *
The adder bites you but does no damage. The bullfrog zombie barely misses you.
The adder completely misses you.
The bullfrog zombie completely misses you.
The adder barely misses you. You furiously retaliate!
You headbutt the adder. The bullfrog zombie closely misses you.
You furiously retaliate!
You headbutt the bullfrog zombie! The adder bites you but does no damage.
The bullfrog zombie barely misses you. You furiously retaliate!
You headbutt the bullfrog zombie.
Found a falchion.
The adder closely misses you. Yredelemnul accepts your kill.
You feel a bit more experienced. The adder closely misses you.
You furiously retaliate!
You headbutt the adder!
The bullfrog zombie hits the plant.
The plant begins to die.
The adder misses you.
The bullfrog zombie hits the plant.
The adder bites you.
* * * LOW HITPOINT WARNING * * *
The electric eel shoots out a bolt of lightning at you!
The bolt of electricity hits the plant!
The plant begins to die.
The bolt of electricity hits you!
* * * LOW HITPOINT WARNING * * *
The adder misses you.
The electric eel shoots out a bolt of lightning at you!
The bolt of electricity hits the plant!
The bolt of electricity hits the adder.
The adder dies!
The bolt of electricity hits you!
You die...
Your body rises from the dead as a mindless zombie.

......#####♣♣♣♣♣
#.....≈≈≈≈≈≈≈≈≈≈♣♣
#.....≈≈≈P≈P≈≈≈≈P♣
#)...!≈≈≈≈≈≈P≈≈≈≈♣♣
......≈≈≈P≈≈≈≈≈≈≈≈♣♣
.....≈≈≈≈≈≈≈≈≈≈≈≈≈♣
#.$.≈≈P≈≈≈≈≈≈≈≈≈♣
#...PZ≈≈≈≈≈≈≈≈≈P♣
#..≈@†P;P≈≈≈≈≈≈≈♣
#...≈≈≈P≈≈≈≈≈P≈♣♣
#..≈≈≈P≈≈≈P≈≈♣♣♣
.....P≈≈PP≈≈≈♣♣♣
......######♣♣♣
...... ...### ...


You could see an electric eel and a bullfrog zombie.

Vanquished Creatures
  An orange demon (D:6)
  Prince Ribbit (D:5)
  Sigmund (D:5)
  A neqoxec (D:4)
  A necrophage (D:5)
  A centaur (D:6)
  2 ogres (D:4)
  A bullfrog (D:6)
  4 scorpions
  An electric eel (D:6)
  3 hounds
  A bullfrog skeleton (D:6)
  An iguana (D:5)
  6 orc wizards
  6 adders
  7 gnolls
  2 shadow imps (D:6)
  An ufetubus (D:4)
  An adder skeleton (D:4)
  A worm (D:3)
  3 dart slugs
  14 orcs
  5 endoplasms
  8 giant cockroaches
  7 goblins
  9 hobgoblins
  4 jackals (D:3)
  4 kobolds
  4 quokkas
  5 ball pythons
  5 bats
  A frilled lizard (D:2)
  4 rats
116 creatures vanquished.

Vanquished Creatures (collateral kills)
  A smoke demon (D:6)
  2 orcs (D:6)
3 creatures vanquished.

Vanquished Creatures (others)
  A sky beast (D:5)
  An adder (D:6)
  A centaur zombie (D:6)
  A bullfrog zombie (D:6)
  12 plants (D:6)
16 creatures vanquished.

Grand Total: 135 creatures vanquished

Notes
Turn   | Place    | Note
-------+----------+-------------------------------------------
     0 | D:5      | cbfl8 the Minotaur Delver began the quest for the Orb.
     0 | D:5      | Reached XP level 1. HP: 19/19 MP: 0/0
    10 | D:5      | Noticed Sigmund
   105 | D:4      | Noticed a scorpion
   114 | D:4      | Reached XP level 2. HP: 26/27 MP: 1/1
   123 | D:4      | Killed a scorpion
   124 | D:4      | Reached skill level 5 in Stealth
   124 | D:4      | Reached XP level 3. HP: 32/33 MP: 2/2
   182 | D:4      | Reached XP level 4. HP: 24/40 MP: 3/3
  1015 | D:3      | Found a faded altar of an unknown god.
  1057 | D:2      | Reached XP level 5. HP: 5/47 MP: 4/4
  1065 | D:2      | Reached skill level 1 in Armour
  2891 | D:3      | Became a worshipper of Makhleb the Destroyer
  2891 | D:3      | Reached * piety under Makhleb
  2892 | D:3      | Fell from the grace of Makhleb
  3363 | D:3      | Reached XP level 6. HP: 53/53 MP: 5/5
  3605 | D:3      | Found a white marble altar of Elyvilon.
  3607 | D:3      | Found a sacrificial altar of Ru.
  3608 | D:3      | Found a shadowy altar of Dithmenos.
  3634 | D:3      | Found a basalt altar of Yredelemnul.
  3635 | D:3      | Found a blossoming altar of Fedhas.
  3635 | D:3      | Found an ancient bone altar of Kikubaaqudgha.
  3641 | D:3      | Became a worshipper of Yredelemnul the Dark
  4114 | D:4      | Noticed a neqoxec
  4128 | D:4      | Killed a neqoxec
  4403 | D:4      | Found a staircase to the Ecumenical Temple.
  4438 | Temple   | Entered the Ecumenical Temple
  4727 | D:4      | Reached skill level 1 in Short Blades
  4735 | D:4      | Reached skill level 6 in Stealth
  4844 | D:4      | Found a hide-covered altar of Uskayaw.
  4939 | D:4      | Reached XP level 7. HP: 60/60 MP: 6/6
  5165 | D:5      | Noticed Prince Ribbit
  5281 | D:5      | Killed Prince Ribbit
  5282 | D:5      | Reached skill level 5 in Fighting
  5495 | D:5      | Reached * piety under Yredelemnul
  5496 | D:5      | Reached XP level 8. HP: 63/68 MP: 7/7
  5727 | D:5      | Killed Sigmund
  6133 | D:6      | Reached skill level 7 in Stealth
  6377 | D:6      | Noticed an orange demon
  6392 | D:6      | Killed an orange demon
  6542 | D:6      | Reached ** piety under Yredelemnul
  6543 | D:6      | Reached skill level 5 in Dodging
  6559 | D:6      | Noticed a smoke demon
  6575 | D:6      | Killed a smoke demon
  6581 | D:6      | Killed from afar by an electric eel

Illustrated notes

Levels and vault maps discovered:
D:1:      amcnicky_arrival_blooded_trapdoor, layout_loops_ring, minivault_25
D:2:      layout_rooms, amethyst_killhole
D:3:      layout_basic, minitemple, gammafunk_temple_overflow_claw,
          hellmonk_ecumenical_altar_run_dry
D:4:      layout_gridville, marbit_many_paths, minmay_temple_entry_wispy
D:5:      layout_rooms, uniq_sigmund, uniq_prince_ribbit1
D:6:      layout_rooms, serial_bayou, serial_bayou_shore_a,
          serial_bayou_shore_b, serial_bayou_pond_d, serial_bayou_pond_a
Temple:   dshaligram_water_room_temple

Skill      XL: |  1  2  3  4  5  6  7  8 |
---------------+-------------------------+-----
Fighting       | 4 5 |  5.8
Stealth        | 5 6 7 |  7.1
Axes           | 3 4 |  4.0
Armour         | 2 3 4 |  4.6
Dodging        | 3 4 5 |  5.0
Short Blades   | 1 3 4 |  4.9
Invocations    | |  0.9

Action                   |  1- 3 |  4- 6 |  7- 9 || total
-------------------------+-------+-------+-------++-------
Melee: Hand axe          |    12 |    40 |       ||    52
       Headbutt          |     1 |    23 |    39 ||    63
       Dagger            |       |   101 |   140 ||   241
Invok: Renounce Religion |       |     1 |       ||     1
       Animate Remains   |       |       |     7 ||     7
  Use: Scroll            |       |     4 |     3 ||     7
       Potion            |       |     1 |     1 ||     2
 Stab: Sleeping          |       |    12 |     1 ||    13
       Distracted        |       |       |     1 ||     1
Armor: Leather armour    |     4 |    71 |    53 ||   128
Dodge: Dodged            |     6 |   130 |   110 ||   246
